AoeStats
← CazadorGT

Nomad

509137799Analyzed
4v4 RM · 7d ago on Sep 25, 2026· 43m 34s· 8 players
Game mode
Random Map
Map size
231×231
Population
200
Speed
Normal
Resources
Standard
Victory
Conquest
Starting age
Dark Age
Ending age
Imperial Age
RankedLock teamsTeams togetherTeam positionsShared explorationLock speedFull tech treeHidden civsTurbo modeCheats
Victory
Defeat
🇩🇪 Burmese · Germany
1255
+14
🇺🇦 Japanese · Ukraine
1225
+16
🇨🇴 Vietnamese · Colombia
1210
+16
🇷🇺 Varangians · Russia
1209
+16
🇨🇳 Varangians · China
1287
-18
🇧🇷 Lithuanians · Brazil
1210
-15
🇬🇹 Malians · Guatemala
1159
-13
Ged Opi
4:35 Loom
13:01 Feudal Age
13:26 Double-Bit Axe
15:04 Fishing Lines
20:34 Castle Age
20:06 Forging
19:56 Scale Mail Armor
20:54 Scale Barding Armor
21:28 Bow Saw
22:06 Bloodlines
21:57 Husbandry
22:23 Gillnets
23:42 Iron Casting
24:40 Horse Collar
25:26 Chain Barding Armor
26:06 Heavy Plow
27:51 Wheelbarrow
28:55 Hand Cart
29:23 Gold Mining
39:38 Imperial Age
37:47 Vendel Legacy
39:50 Cavalier
41:34 Blast Furnace
41:09 Plate Barding Armor
41:48 Conscription
BRosi
8:37 Loom
14:19 Feudal Age
18:29 Castle Age
21:59 Fletching
22:45 Gold Mining
24:13 Devotion
26:11 Sanctity
27:46 Atonement
28:04 Forging
29:47 Iron Casting
35:19 Imperial Age
33:53 Bodkin Arrow
33:55 Fishing Lines
40:01 Block Printing
40:16 Conscription
42:52 Ballistics
43:53 Wheelbarrow
CyMi
3:53 Loom
16:14 Feudal Age
20:02 Castle Age
18:34 Fletching
19:17 Padded Archer Armor
32:47 Double-Bit Axe
32:47 Horse Collar
35:16 Bow Saw
35:08 Heavy Plow
35:38 Bodkin Arrow
36:27 Wheelbarrow
36:14 Gold Mining
36:36 Bloodlines
36:26 Husbandry
37:19 Scale Barding Armor
38:18 Hand Cart
38:12 Town Watch
42:23 Imperial Age
43:27 Chain Barding Armor
43:18 Forging
43:55 Crop Rotation
43:31 Chatras
43:40 Bracer
44:43 Chemistry
44:04 Ballistics
nikikiker
10:39 Loom
13:33 Feudal Age
14:21 Loom
15:38 Fletching
20:53 Castle Age
20:26 Double-Bit Axe
20:22 Horse Collar
20:26 Fishing Lines
23:39 Bodkin Arrow
24:24 Bow Saw
24:58 Padded Archer Armor
25:35 Thumb Ring
25:41 Thumb Ring
28:06 Bloodlines
28:43 Gillnets
32:06 Leather Archer Armor
32:23 Town Watch
33:14 Wheelbarrow
34:06 Pikeman
34:46 Squires
34:56 Scale Mail Armor
35:09 Arson
35:35 Forging
35:34 Town Patrol
35:50 Hand Cart
36:28 Gold Mining
36:28 Stone Mining
39:47 Imperial Age
41:02 Parthian Tactics
40:46 Halberdier
41:12 Horse Collar
43:49 Chain Mail Armor
CazadorGT
10:29 Loom
13:31 Feudal Age
14:46 Fletching
23:49 Castle Age
23:09 Padded Archer Armor
24:28 Bodkin Arrow
23:56 Crossbowman
KASTYTIS
2:53 Loom
13:10 Feudal Age
17:13 Castle Age
15:29 Stone Mining
15:53 Double-Bit Axe
22:52 Wheelbarrow
26:32 Horse Collar
28:36 Hand Cart
29:05 Forging
29:01 Scale Barding Armor
29:24 Fletching
31:55 Chain Barding Armor
35:05 Iron Casting
35:16 Heavy Plow
38:37 Treadmill Crane
42:27 Imperial Age
41:08 Husbandry
41:19 Bloodlines
42:11 Bow Saw
43:29 Conscription
43:48 Plate Barding Armor
16岁少女在公交车上被11个大汉轮流让座
14:39 Feudal Age
18:42 Castle Age
17:57 Double-Bit Axe
20:44 Bow Saw
21:24 Gold Mining
23:26 Horse Collar
24:24 Loom
25:37 Stone Mining
30:29 Heavy Plow
34:47 Fletching
34:58 Padded Archer Armor
36:10 Bodkin Arrow
36:31 Leather Archer Armor
41:49 Ballistics
42:31 Masonry
2987052186
4:06 Loom
17:17 Feudal Age
22:31 Castle Age
27:53 Scale Barding Armor
30:00 Bloodlines
30:46 Forging
35:24 Iron Casting
35:10 Chain Barding Armor
45:12 Imperial Age
Connection lost

Rejoining the realm…

Still unreachable

The connection could not be restored.

Session expired

The server has moved on; the page needs a fresh start.